 Dungeon Crawl Stone Soup version 0.26.0-16-gc1dbca0489 (webtiles) character file.

Game seed: 2567847042927271024

91 kaeus the Poker (level 4, -14/31 (34) HPs)
             Began as a Demonspawn Gladiator on Jan 19, 2021.
             Killed from afar by Cheops's ghost (18 damage)
             ... with a stone arrow
             ... on level 3 of the Dungeon.
             The game lasted 00:04:39 (2894 turns).

kaeus the Poker (Demonspawn Gladiator)              Turns: 2894, Time: 00:04:40

HP:   -14/31 (34)   AC:  4    Str: 15    XL:     4   Next: 34%
MP:   0/4           EV: 13    Int:  9    God:
Gold: 97            SH:  0    Dex: 15    Spells: 3/3 levels left

rFire    . . .     SeeInvis .   a - +0 trident
rCold    + . .     Faith    .   (no shield)
rNeg     . . .     Spirit   +   g - +0 leather armour
rPois    .         Reflect  .   c - +0 helmet
rElec    .         Harm     .   (no cloak)
rCorr    .         Rampage  .   (no gloves)
Will     .....                  (no boots)
Stlth    +.........             (no amulet)
HPRegen  0.10/turn              (no ring)
MPRegen  0.09/turn              (no ring)

@: drained
A: cold resistance 1, magic shield, freezing cloud immunity
a: no special abilities


You were on level 3 of the Dungeon.
You visited 1 branch of the dungeon, and saw 3 of its levels.

You collected 97 gold pieces.

Inventory:

Hand Weapons
 a - a +0 trident (weapon)
Armour
 b - a +0 leather armour
 c - a +0 helmet (worn)
 g - a +0 leather armour (worn)
Jewellery
 k - an uncursed ring of ice {unknown}
Wands
 r - a wand of polymorph (9)
Scrolls
 d - 3 scrolls of identify {unknown}
 e - 5 scrolls of teleportation {unknown}
 f - 2 scrolls of enchant weapon {unknown}
 l - a scroll of amnesia {unknown}
 o - a scroll of immolation {unknown}
 q - a scroll of magic mapping {unknown}
Potions
 h - a potion of magic {unknown}
 i - 5 potions of heal wounds {unknown}
 j - 3 potions of ambrosia {unknown}
 m - 2 potions of degeneration {unknown}
 n - a potion of might {unknown}
 p - a potion of flight {unknown}


   Skills:
 + Level 2.8 Fighting
 + Level 3.3 Polearms
 + Level 2.5 Throwing
 + Level 3.2 Dodging


You had 3 spell levels left.
You didn't know any spells.
Your spell library was empty.

Dungeon Overview and Level Annotations

Branches:
Dungeon (3/15)

Altars:
Dithmenos

Annotations:
D:3 Cheops's ghost, amateur DgEE


Innate Abilities, Weirdness & Mutations

Your flesh is cold resistant. (rC+)
When hurt, damage is shared between your health and your magic reserves.
You are immune to freezing clouds.


Message History

A ball python comes into view.
The necrophage misses you.
The ball python hisses angrily.
You hit Cheops's ghost.
Cheops's ghost is lightly damaged.
The bat hits you but does no damage. Cheops's ghost stares at you.
Cheops's ghost barely misses you. The goblin closely misses you.
The bat completely misses you. The necrophage hits you.
* * * LOW HITPOINT WARNING * * *
You feel drained.
* * * LOW HITPOINT WARNING * * *
You closely miss Cheops's ghost.
Cheops's ghost is lightly damaged.
The bat hits you but does no damage. The bat closely misses you.
The bat hits you but does no damage. The bat closely misses you.
Cheops's ghost casts a spell at you. The stone arrow hits you!!
Ouch! That really hurt!
You die...

#.....#..##...##..#.## ...
#####.#.....©.....#.# #....
..#######.#..##...##..#. ......
..........#..#8...8#..#. ........
.......##.#..##...##..#. ........
...###.##.#...........#....#.####
.. #....#©...ZZ$....#.
......#############.
####.......n@bg.....
#...####gbW...S.. #..##
#......... #.... [.....)... #.##
...g......) #. ......<...##
...........# #..).........


You could see a necrophage, Cheops's ghost, 3 goblins, 2 bats, a ball python, a
leopard gecko skeleton and a quokka skeleton.

Vanquished Creatures
  3 adders
  An ooze (D:1)
  A worm (D:3)
  2 dart slugs (D:1)
  A leopard gecko (D:2)
  A ball python (D:1)
  6 bats
  2 giant cockroaches
  3 hobgoblins
  3 jackals (D:2)
  8 kobolds
  3 quokkas
  3 frilled lizards
  7 goblins
  9 rats
53 creatures vanquished.

Notes
Turn   | Place    | Note
-------+----------+-------------------------------------------
     0 | D:1      | kaeus the Demonspawn Gladiator began the quest for the Orb.
     0 | D:1      | Reached XP level 1. HP: 16/16 MP: 1/1
   289 | D:1      | Gained mutation: Your flesh is cold resistant. (rC+)
                  | [demonic ancestry]
   289 | D:1      | Reached XP level 2. HP: 10/22 MP: 2/2
   863 | D:1      | Gained mutation: You are immune to freezing clouds.
                  | [demonic ancestry]
   863 | D:1      | Reached XP level 3. HP: 28/28 MP: 3/3
  1806 | D:2      | Found a shadowy altar of Dithmenos.
  2471 | D:3      | Noticed a necrophage
  2474 | D:3      | Found a transporter.
  2474 | D:3      | Noticed Cheops's ghost (amateur DgEE)
  2476 | D:3      | Gained mutation: When hurt, damage is shared between your
                  | health and your magic reserves. [demonic ancestry]
  2476 | D:3      | Reached XP level 4. HP: 34/34 MP: 4/4
  2521 | D:3      | Found a transporter.
  2561 | D:3      | HP: 1/34 [poisoned by an adder]
  2894 | D:3      | Killed from afar by Cheops's ghost

Illustrated notes

Levels and vault maps discovered:
D:1:      eino_arrival_water_cross, layout_basic, chequers_serial_rivers_room_b
D:2:      layout_basic, nicolae_dithmenos_through_a_glass_darkly
D:3:      layout_rooms, gammafunk_ghost_mausoleum,
          nicolae_gozag_cash_rules_everything_around_me

Skill      XL: |  1  2 |
---------------+-------+-----
Throwing       | 2 |  2.5
Polearms       | 3 |  3.3
Dodging        | 3 |  3.2
Fighting       | |  2.8

Action                   |  1- 3 |  4- 6 || total
-------------------------+-------+-------++-------
Melee: Trident           |   175 |    44 ||   219
Throw: Throwing net      |     7 |       ||     7
  Use: Scroll            |     1 |       ||     1
 Stab: Sleeping          |     1 |       ||     1
Armor: Leather armour    |    43 |    15 ||    58
Dodge: Dodged            |   120 |    36 ||   156
